 Dungeon Crawl Stone Soup version 0.30.1-4-g462c640d31 (webtiles) character file.

Game seed: 12810749120747607259

3332 LynnLen the Covert (level 9, -1/45 HPs)
             Began as a Spriggan Enchanter on Sept 1, 2023.
             Was an Initiate of Dithmenos.
             Splashed by a brown ugly thing's acid (9 damage)
             ... on level 7 of the Dungeon.
             The game lasted 00:37:31 (9620 turns).

LynnLen the Covert (Spriggan Enchanter)             Turns: 9620, Time: 00:37:32

Health: -1/45      AC: -1    Str:  4    XL:     9   Next: 71%
Magic:  9/19       EV: 19    Int: 20    God:    Dithmenos [......]
Gold:   326        SH:  5    Dex: 16    Spells: 8/20 levels left

rFire   . . .        z - +1 dagger (protect)
rCold   . . .        g - +1 buckler of Masochism {Regen+}
rNeg    + . .        J - +2 robe {rN+}
rPois   .            (helmet restricted)
rElec   .            e - +2 cloak
rCorr   .            (gloves unavailable)
SInv    +            (boots unavailable)
Will    +....        (no amulet)
Stlth   ++++         (no ring)
HPRegen 1.07/turn    (no ring)
MPRegen 0.16/turn

%: no passive effects
@: corroded, very quick
A: very small, no large weapons, unfitting armour, see invisible, speed 3
a: Renounce Religion


You were on level 7 of the Dungeon.
You worshipped Dithmenos.
Dithmenos was noncommittal.
You visited 2 branches of the dungeon, and saw 8 of its levels.
You also visited: Ossuary.

You collected 326 gold pieces.

Inventory:

Hand Weapons
 a - a +1 dagger
 z - a +1 dagger of protection (weapon)
Missiles
 v - a throwing net
Armour
 e - a +2 cloak (worn)
 g - the +1 buckler of Masochism (worn) {Regen+}
   (You found it on level 2 of the Dungeon)

   Regen:     It increases your rate of health regeneration.
 x - a scarf of shadows
 J - a +2 robe of positive energy (worn)
Jewellery
 b - an amulet of faith
 m - a ring of protection from fire
 t - a ring of ice
Wands
 y - a wand of digging (4)
 K - a wand of polymorph (4)
 M - a wand of paralysis (7)
Scrolls
 d - 5 scrolls of teleportation
 h - 2 scrolls of fog
 j - a scroll of silence {unknown}
 p - 2 scrolls of amnesia {unknown}
 r - 2 scrolls of poison
 C - a scroll of brand weapon {unknown}
 E - 2 scrolls of blinking {unknown}
 F - 2 scrolls of fear {unknown}
 G - a scroll of enchant weapon {unknown}
 H - a scroll of butterflies {unknown}
 I - 2 scrolls of vulnerability {unknown}
Potions
 c - 2 potions of invisibility
 f - 2 potions of cancellation
 i - 4 potions of attraction
 k - 3 potions of mutation
 l - 3 potions of brilliance
 n - a potion of magic {unknown}
 o - 2 potions of degeneration {unknown}
 q - 3 potions of lignification
 s - a potion of flight {unknown}
 u - 2 potions of heal wounds {unknown}
 w - 2 potions of resistance {unknown}
 A - 3 potions of curing
 B - 2 potions of might {unknown}
 D - a potion of berserk rage {unknown}


   Skills:
 + Level 4.0 Fighting
 + Level 5.0 Short Blades
 + Level 6.5 Dodging
 + Level 8.5 Stealth
 + Level 1.8 Shields
 + Level 6.2 Spellcasting
 + Level 8.2 Hexes
 + Level 4.6 Ice Magic


You had 8 spell levels left.
You knew the following spells:

 Your Spells              Type           Power      Damage    Failure   Level
a - Ensorcelled Hibernat  Hex/Ice        62%        N/A       2%          2
b - Confusing Touch       Hex            39%        N/A       1%          3
c - Tukima's Dance        Hex            39%        N/A       1%          3
d - Freeze                Ice            96%        1d10      3%          1
e - Frozen Ramparts       Ice            48%        1d8       9%          3

Your spell library contained the following spells:

 Spells                   Type           Power      Damage    Failure   Level
 Dazzling Flash           Conj/Hex       44%        N/A       11%         3
 Beastly Appendage        Tmut           12%        N/A       21%         1
 Magic Dart               Conj           24%        1d4       21%         1
 Necrotise                Necr           24%        1d5       21%         1
 Hailstorm                Conj/Ice       15%        3d5       22%         3
 Poisonous Vapours        Pois/Air       12%        N/A       30%         2
 Sublimation of Blood     Necr           6%         N/A       30%         2
 Wereblood                Tmut           6%         N/A       30%         2
 Mephitic Cloud           Conj/Pois/Air  6%         N/A       52%         3
 Spider Form              Tmut/Pois      6%         N/A       52%         3
 Freezing Cloud           Conj/Ice/Air   6%         6-21      96%         5
 Starburst                Conj/Fire      3%         6d3       100%        6
 Orb of Destruction       Conj           3%         9d5       100%        7


Dungeon Overview and Level Annotations

Branches:
Dungeon (7/15)             Temple (1/1) D:7         Ossuary (visited)

Altars:
Ashenzari
Cheibriados
Dithmenos
Elyvilon
Fedhas
Gozag
Hepliaklqana
Kikubaaqudgha
Makhleb
Nemelex Xobeh
Okawaru
Qazlal
Ru
Sif Muna
Trog
Uskayaw
Vehumet
Wu Jian
Xom
Yredelemnul
Zin
The Shining One

Annotations:
D:3 3 runed translucent doors, ranchalot's ghost, amateur DrAE


Innate Abilities, Weirdness & Mutations

You are very small and have problems with some larger weapons.
You are too small for most types of armour.
You have supernaturally acute eyesight. (SInv)
You cover ground extremely quickly. (Speed+++)


Message History

Your Short Blades skill increases to level 5!
Aiming: Ensorcelled Hibernation (safe; 2% risk of failure)
Press: ? - help, Q - select action, (/) - cycle Shift-Dir - straight line, f - howler monkey
Aim: a howler monkey (chance to affect: 69%)
The howler monkey struggles to resist.
Unknown command.
Aiming: Ensorcelled Hibernation (safe; 2% risk of failure)
Press: ? - help, Q - select action, (/) - cycle Shift-Dir - straight line, f - brown ugly thing
Aim: a brown ugly thing (chance to affect: 43%)
The brown ugly thing looks drowsy...
Unknown command.
The helpless brown ugly thing fails to defend itself.
You spit the brown ugly thing like a pig!!!
The brown ugly thing is severely wounded.
You block the brown ugly thing's attack.
Casting: Confusing Touch (safe; 1% risk of failure)
Press: ? - help, Q - select action, (/) - cycle Dir - look around, f - activate Your hands begin to glow red.
You block the brown ugly thing's attack.
Unknown command.
You hit the brown ugly thing but do no damage.
The brown ugly thing is severely wounded.
You hit the brown ugly thing but do no damage.
The brown ugly thing is severely wounded.
The brown ugly thing gores you! The acid corrodes you!
You are splashed with acid.
You hit the brown ugly thing but do no damage.
The brown ugly thing is severely wounded.
The brown ugly thing gores you.
You are splashed with acid.
You hit the brown ugly thing but do no damage.
The brown ugly thing is severely wounded.
The brown ugly thing gores you. The acid corrodes you!
You are splashed with acid!
You hit the brown ugly thing but do no damage.
The brown ugly thing appears confused.
The brown ugly thing is severely wounded.
The brown ugly thing gores you!
* * * LOW HITPOINT WARNING * * *
You are splashed with acid!
You die...

........####.....####.######..##.
........#..##...##.)#.....#......
..##....#...##.##...#............
^..#....##.).#.#...##.....#......
.........##))#.#).##.............
.###......###...###............>.
##.........8Y.................
#####.....###.hu###..............
#..##....##u'#.#@.##.............
........##.c.#.#...##...........#
.#......#hY.##.##...#..##.......#
.##.....#?.##...##..#...#.).....#
###.....####.....####..###.......
##..##.................##........
.....#..<............#........#.#
.........#.............#.......##
.....##................#........#


You could see a brown ugly thing (confused), an ice beast and a howler monkey.

Vanquished Creatures
  An ugly thing (D:7)
  A wraith (Ossuary)
  A yak (D:7)
  Eustachio (D:6)
  2 water moccasins
  A sky beast (D:7)
  2 black bears
  6 ogres
  2 ice beasts
  A kobold brigand (D:7)
  A bullfrog (D:7)
  Blork the orc (D:5)
  A gnoll sergeant (D:6)
  4 scorpions
  A jelly (D:5)
  3 hounds
  2 orc priests
  Crazy Yiuf (D:4)
  A gnoll bouda (D:6)
  An iguana (D:4)
  3 orc wizards (D:7)
  A mummy (Ossuary)
  16 gnolls
  5 adders
  A shadow imp (D:7)
  A white imp (D:6)
  2 ufetubi
  3 worms
  2 dart slugs
  27 orcs
  5 ball pythons
  3 endoplasms
  2 giant cockroaches
  5 goblins
  12 hobgoblins
  5 jackals
  6 quokkas
  4 bats
  4 frilled lizards
  3 gnoll skeletons (Ossuary)
  7 kobolds
  6 kobold skeletons (Ossuary)
  16 orc skeletons (Ossuary)
  7 rats
180 creatures vanquished.

Vanquished Creatures (collateral kills)
  An orc warrior (D:7)
  A gnoll (D:6)
2 creatures vanquished.

Vanquished Creatures (others)
  2 dancing weapons
2 creatures vanquished.

Grand Total: 184 creatures vanquished

Notes
Turn   | Place    | Note
-------+----------+-------------------------------------------
     0 | D:1      | LynnLen the Spriggan Enchanter began the quest for the Orb.
     0 | D:1      | Reached XP level 1. HP: 9/9 MP: 5/5
   333 | D:1      | Got the Vademecum on Undead Striking
   768 | D:1      | Reached XP level 2. HP: 8/13 MP: 6/6
   792 | D:1      | Learned a level 2 spell: Ensorcelled Hibernation
  1300 | D:2      | Identified the +1 buckler of Masochism {Regen+}
  1698 | D:2      | Reached XP level 3. HP: 17/17 MP: 8/8
  1702 | D:2      | Learned a level 3 spell: Confusing Touch
  1905 | D:3      | Noticed an ice beast
  1926 | D:2      | Killed an ice beast
  1927 | D:2      | Reached skill level 5 in Stealth
  1927 | D:2      | Reached skill level 1 in Ice Magic
  1927 | D:2      | Reached XP level 4. HP: 4/21 MP: 5/9
  2012 | D:2      | Learned a level 3 spell: Tukima's Dance
  2205 | D:3      | Reached skill level 1 in Fighting
  2449 | D:3      | Found a runed translucent gate.
  2449 | D:3      | Found a runed translucent gate.
  2449 | D:3      | Found a runed translucent gate.
  2478 | D:3      | Noticed ranchalot's ghost (amateur DrAE)
  2543 | D:3      | Reached XP level 5. HP: 25/25 MP: 5/10
  3299 | D:3      | Found a bloodstained altar of Trog.
  3627 | D:4      | Reached skill level 5 in Hexes
  3929 | D:4      | Learned a level 1 spell: Freeze
  4334 | D:4      | Noticed a black bear
  4378 | D:4      | Killed a black bear
  4379 | D:4      | Reached XP level 6. HP: 30/30 MP: 9/12
  4442 | D:4      | Found a runed translucent door.
  4443 | D:4      | Noticed Crazy Yiuf
  4450 | D:4      | Killed Crazy Yiuf
  4678 | D:5      | Entered Level 5 of the Dungeon
  4678 | D:5      | Found a sand-covered staircase.
  4697 | Ossuary  | Entered an ossuary
  4697 | Ossuary  | Noticed a wraith
  4697 | Ossuary  | Noticed a wraith
  4697 | Ossuary  | Noticed a wraith
  5136 | Ossuary  | Noticed a wraith
  5169 | Ossuary  | Killed a wraith
  5170 | Ossuary  | Reached XP level 7. HP: 28/34 MP: 11/14
  5960 | D:5      | Noticed Blork the orc
  5967 | D:5      | Killed Blork the orc
  6109 | D:5      | Reached XP level 8. HP: 39/39 MP: 6/15
  6293 | D:4      | Learned a level 3 spell: Frozen Ramparts
  6516 | D:5      | Found a sacrificial altar of Ru.
  6713 | D:5      | Reached skill level 5 in Dodging
  7070 | D:6      | Reached skill level 5 in Spellcasting
  7160 | D:6      | Found an ancient bone altar of Kikubaaqudgha.
  7244 | D:6      | Noticed Eustachio
  7252 | D:6      | Killed Eustachio
  7927 | D:6      | Reached XP level 9. HP: 44/44 MP: 18/18
  8284 | D:7      | Found a staircase to the Ecumenical Temple.
  8291 | Temple   | Entered the Ecumenical Temple
  8294 | Temple   | Became a worshipper of Dithmenos the Shadowed
  8376 | D:7      | Noticed a purple ugly thing
  8664 | D:7      | Killed a purple ugly thing
  8665 | D:7      | Reached skill level 1 in Shields
  9301 | D:7      | Found a basalt altar of Yredelemnul.
  9603 | D:7      | Noticed a brown ugly thing
  9612 | D:7      | Reached skill level 5 in Short Blades
  9620 | D:7      | Splashed by a brown ugly thing's acid

Illustrated notes

Levels and vault maps discovered:
D:1:      dpeg_arrival_solitude, layout_loops_ring
D:2:      layout_loops_cross
D:3:      layout_loops_ring, trog_butcher_becter, gammafunk_ghost_icy,
          wad_orctagon
D:4:      layout_loops_corners, minmay_box_of_dots, uniq_crazy_yiuf_cottage
D:5:      layout_gridville, lemuel_doored_altar, enter_ossuary_3,
          kennysheep_generic_room_10, uniq_blork_the_orc
D:6:      layout_basic, overflow_temple_1_default, amcnicky_mini_pool_small,
          uniq_eustachio
D:7:      cheibrodos_barr_body, layout_cave_pools, lemuel_crystal_altar,
          minmay_temple_entry_waves, kennysheep_crisscross
Temple:   dpeg_three_leaves_temple

Skill      XL: |  1  2  3  4  5  6  7  8  9 |
---------------+----------------------------+-----
Hexes          | 4 5 6 7 8 |  8.2
Short Blades   | 2 3 4 5 |  5.0
Dodging        | 3 4 5 6 |  6.5
Stealth        | 5 6 7 8 |  8.5
Spellcasting   | 3 4 5 6 |  6.2
Ice Magic      | 1 2 3 4 |  4.6
Fighting       | 1 2 3 4 |  4.0
Shields        | 1 |  1.8

Action                     |  1- 3 |  4- 6 |  7- 9 || total
---------------------------+-------+-------+-------++-------
  Melee: Dagger            |    82 |   236 |   363 ||   681
         Punch             |     1 |     2 |       ||     3
   Cast: Ensorcelled Hiber |     5 |    18 |    53 ||    76
         Confusing Touch   |     1 |     3 |     7 ||    11
         Freeze            |       |     7 |    15 ||    22
         Tukima's Dance    |       |       |     7 ||     7
    Use: Scroll            |     3 |     2 |     7 ||    12
         Potion            |       |       |     1 ||     1
   Stab: Sleeping          |    16 |    31 |    44 ||    91
         Confused          |     1 |     4 |     7 ||    12
         Distracted        |       |       |     1 ||     1
 Armour: Robe              |    11 |    38 |    72 ||   121
  Dodge: Dodged            |    64 |   208 |   252 ||   524
  Block: Buckler           |       |       |    46 ||    46
